 Dungeon Sprint DCSS version 0.22-a0-429-g97ce8ef (webtiles) character file.

1267 ForestKing the Martial Artist (level 8, -6/63 HPs)
             Began as a Demigod Transmuter on May 25, 2018.
             Mangled by a black mamba (17 damage)
             ... in the Dungeon (Sprint IX: "|||||||||||||||||||||||||||||").
             The game lasted 00:04:07 (1024 turns).

ForestKing the Martial Artist (Demigod Transmuter)  Turns: 1024, Time: 00:04:08

Health: -6/63      AC:  2    Str: 15    XL:     8   Next: 6%
Magic:  15/20      EV: 32    Int: 19    God:
Gold:   0          SH:  0    Dex: 21    Spells: 14/18 levels left

rFire    . . .     SeeInvis .     - Unarmed
rCold    . . .     Gourm    .   (shield currently unavailable)
rNeg     . . .     Faith    .   (armour currently unavailable)
rPois    x         Spirit   .   (helmet currently unavailable)
rElec    .         Reflect  .   (cloak currently unavailable)
rCorr    .         Harm     .   (gloves currently unavailable)
MR       .....     NoTele   +   (boots currently unavailable)
Stlth    +++.......             (no amulet)
HPRegen  0.20/turn              p - +2 ring of evasion
MPRegen  0.17/turn              q - +2 ring of evasion

@: lethally poisoned (-6 -> -85), spider-form
A: tiny, high mp 1
a: End Transformation


You were in the Dungeon.
You were hungry.
You were a venomous arachnid creature.
You visited 1 branch

Inventory:

Hand Weapons
 t - a +6 flail of holy wrath (melded)
Missiles
 a - 26 arrows
Armour
 b - a +0 robe
 n - a +0 pair of boots (melded)
 o - a +2 ring mail (melded)
Jewellery
 p - a +2 ring of evasion (left front leg)
 q - a +2 ring of evasion (right front leg)
Wands
 m - a wand of acid (10)
Scrolls
 c - 2 scrolls of fog
 j - 2 scrolls of blinking
 k - 6 scrolls of remove curse
 l - 2 scrolls of amnesia
 r - a scroll of fear
 s - 2 scrolls of enchant armour
Potions
 e - 6 potions of curing
 f - 7 potions of heal wounds
 g - 2 potions of haste
 h - 4 potions of magic
 i - a potion of invisibility
Comestibles
 d - a ration


   Skills:
 + Level 3.3 Fighting
 + Level 3.6 Armour
 + Level 7.5 Dodging
 + Level 2.5 Stealth
 + Level 11.5 Unarmed Combat
 + Level 5.8 Spellcasting
 + Level 5.6 Transmutations
 + Level 1.5 Poison Magic


You had 14 spell levels left.
You knew the following spells:

 Your Spells              Type           Power        Failure   Level  Hunger
a - Beastly Appendage     Tmut           ####..       5%          1    None
b - Spider Form           Tmut/Pois      ###.......   21%         3    ##.....

Your spell library contained the following spells:

 Spells                   Type           Power        Failure   Level  Hunger
 Blade Hands              Tmut           ####......   54%         5    #####..
 Ice Form                 Ice/Tmut       ###.....     56%         4    ####...
 Sticks to Snakes         Tmut           ####....     8%          2    None


Dungeon Overview and Level Annotations

Branches:
Dungeon (1/1)


Innate Abilities, Weirdness & Mutations

You have an increased reservoir of magic. (+10% MP)


Message History

You feel very sick. The black mamba bites you!
You are more poisoned.
The black mamba poisons you!
You hit the black mamba but do no damage.
The black mamba is severely wounded.
You feel very sick. The black mamba closely misses you. x2
You hit the black mamba but do no damage.
The black mamba looks as sick as possible!
The black mamba is severely wounded.
* * * LOW HITPOINT WARNING * * *
You feel very sick. The black mamba completely misses you.
You bite the black mamba!
The black mamba is almost dead.
* * * LOW HITPOINT WARNING * * *
You feel very sick. The black mamba bites you!
You die...

▓.▓.▓†▓
▓)▓.▓.▓
▓.▓.▓.▓
▓(▓.▓.▓
▓.▓.▓'▓
▓.▓.▓_▓
▓.▓.▓_▓
▓.▓.▓_▓
▓s▓.▓_▓
▓S▓.▓_▓
▓S▓.▓_▓
▓F▓.▓_▓
▓F▓.▓_▓
▓H▓.▓_▓
▓Y▓.▓_▓
▓t▓.▓_▓
▓.▓_▓


You could see a hippogriff, a black mamba, a yak, a water moccasin, a crocodile
and 2 bullfrogs.

Vanquished Creatures
  A troll (D)
  A slime creature (D)
  A yak (D)
  A wyvern (D)
  An orc warrior (D)
  An ice beast (D)
  A centaur (D)
  2 ogres (D)
  A killer bee (D)
  A howler monkey (D)
  A quasit (D)
  2 adders (D)
  A leopard gecko (D)
  An orc (D)
  2 goblins (D)
  A jackal (D)
  A kobold (D)
  2 frilled lizards (D)
22 creatures vanquished.

Notes
Turn   | Place    | Note
-------+----------+-------------------------------------------
     0 | D        | ForestKing the Demigod Transmuter began the quest for the Orb.
     0 | D        | Reached XP level 1. HP: 15/15 MP: 5/5
    18 | D        | Reached skill level 3 in Unarmed Combat
   341 | D        | Noticed an ice beast
   341 | D        | Noticed an ogre
   341 | D        | Noticed a howler monkey
   346 | D        | Killed an ice beast
   346 | D        | Reached skill level 1 in Fighting
   346 | D        | Reached skill level 6 in Unarmed Combat
   346 | D        | Reached XP level 2. HP: 18/23 MP: 6/9
   346 | D        | Reached XP level 3. HP: 23/28 MP: 6/10
   346 | D        | Reached XP level 4. HP: 28/35 MP: 7/12
   349 | D        | Killed an ogre
   349 | D        | Reached skill level 1 in Stealth
   349 | D        | Reached skill level 7 in Unarmed Combat
   349 | D        | Reached XP level 5. HP: 34/41 MP: 7/14
   354 | D        | Reached skill level 8 in Unarmed Combat
   369 | D        | Found a roughly hewn altar of Beogh.
   369 | D        | Found a snail-covered altar of Cheibriados.
   369 | D        | Found a shadowy altar of Dithmenos.
   369 | D        | Found a white marble altar of Elyvilon.
   369 | D        | Found a blossoming altar of Fedhas.
   369 | D        | Found an opulent altar of Gozag.
   370 | D        | Found a hazy altar of Hepliaklqana.
   371 | D        | Found a viscous altar of Jiyva.
   372 | D        | Found an ancient bone altar of Kikubaaqudgha.
   373 | D        | Found a corrupted altar of Lugonu.
   374 | D        | Found a burning altar of Makhleb.
   375 | D        | Found a sparkling altar of Nemelex Xobeh.
   376 | D        | Found an iron altar of Okawaru.
   377 | D        | Found a stormy altar of Qazlal.
   378 | D        | Found a sacrificial altar of Ru.
   379 | D        | Found a deep blue altar of Sif Muna.
   380 | D        | Found a bloodstained altar of Trog.
   381 | D        | Found a hide-covered altar of Uskayaw.
   382 | D        | Found a radiant altar of Vehumet.
   383 | D        | Found an ornate altar of the Wu Jian Council.
   384 | D        | Found a shimmering altar of Xom.
   385 | D        | Found a basalt altar of Yredelemnul.
   386 | D        | Found a glowing silver altar of Zin.
   387 | D        | Found a glowing golden altar of the Shining One.
   404 | D        | Found the +4 Vampire's Tooth {vamp}
   478 | D        | Noticed a centaur
   500 | D        | Reached skill level 5 in Dodging
   508 | D        | Killed a centaur
   508 | D        | Reached skill level 9 in Unarmed Combat
   508 | D        | Reached XP level 6. HP: 33/48 MP: 14/16
   519 | D        | Reached skill level 1 in Armour
   733 | D        | Learned a level 3 spell: Spider Form
   735 | D        | Noticed a troll
   735 | D        | Noticed a yak
   735 | D        | Noticed a slime creature
   735 | D        | Noticed a wyvern
   746 | D        | Reached skill level 5 in Spellcasting
   752 | D        | Killed a troll
   752 | D        | Reached skill level 10 in Unarmed Combat
   752 | D        | Reached skill level 5 in Transmutations
   752 | D        | Reached XP level 7. HP: 43/56 MP: 12/18
   763 | D        | Killed a yak
   774 | D        | Killed a slime creature
   774 | D        | Reached skill level 11 in Unarmed Combat
   774 | D        | Reached skill level 1 in Poison Magic
   777 | D        | Killed a wyvern
   777 | D        | Reached XP level 8. HP: 40/63 MP: 9/20
  1015 | D        | Noticed a black mamba
  1015 | D        | Noticed a hippogriff
  1024 | D        | Mangled by a black mamba

Vault maps used:
D:        linesprint

Skill      XL: |  1  2  3  4  5  6  7 |
---------------+----------------------+-----
Unarmed Combat | 6 7 9 10 11 | 11.5
Spellcasting   | 3 4 5 |  5.8
Dodging        | 3 4 5 6 7 |  7.5
Fighting       | 1 2 3 |  3.3
Transmutations | 3 4 5 |  5.6
Stealth        | 1 2 |  2.5
Armour         | 2 3 |  3.6
Poison Magic   | 1 |  1.5

Action                   |  1- 3 |  4- 6 |  7- 9 || total
-------------------------+-------+-------+-------++-------
Melee: Unarmed           |    31 |    60 |    31 ||   122
       Kick              |     2 |     2 |       ||     4
       Punch             |       |     3 |       ||     3
       Headbutt          |       |     5 |       ||     5
 Cast: Beastly Appendage |     1 |     2 |       ||     3
       Spider Form       |       |     1 |     3 ||     4
  Use: Potion            |     1 |     1 |     1 ||     3
Armor: Robe              |     4 |     1 |       ||     5
       Ring mail         |       |    20 |       ||    20
       Skin              |       |     1 |       ||     1
Dodge: Dodged            |    15 |    59 |    22 ||    96

Table legend:
 A = Spawn XP
 B = Non-spawn XP
 C = Spawn XP percentage of total XP
 D = Spawn monster count
 E = Non-spawn monster count
 F = Spawn count percentage of total count
 G = Total turns spent on level
                    A         B        C        D         E        F      G
               +---------+---------+-------+---------+---------+-------+---------
         Total |       0 |    1810 |   0.0 |       0 |      22 |   0.0 |  1024
               +---------+---------+-------+---------+---------+-------+---------
             D |       0 |    1810 |   0.0 |       0 |      22 |   0.0 |  1024
               +---------+---------+-------+---------+---------+-------+---------
